 Dungeon Crawl Stone Soup version 0.27-a0-54-g64bdb92e38 (webtiles) character file.

Game seed: 11803136117200224613

643 Borgoz the Skirmisher (level 7, -4/49 HPs)
             Began as a Halfling Fighter on Jan 7, 2021.
             Was an Initiate of Ashenzari.
             Slain by a centaur
             ... wielding a +2 vorpal great sword
              (8 damage)
             ... while paralysed by Grinder
             ... on level 5 of the Dungeon.
             The game lasted 00:09:38 (5861 turns).

Borgoz the Skirmisher (Halfling Fighter)            Turns: 5861, Time: 00:09:39

Health: -4/49      AC: 10    Str: 17    XL:     7   Next: 81%
Magic:  7/7        EV:  3    Int:  6    God:    Ashenzari [......]
Gold:   290        SH:  0    Dex: 16    Spells: 6/6 levels left

rFire    . . .     SeeInvis +   a - +0 long sword
rCold    . . .     Faith    .   u - +0 buckler
rNeg     . . .     Spirit   .   b - +0 scale mail
rPois    .         Reflect  .   p - +0 helmet
rElec    .         Harm     .   j - +0 cloak
rCorr    .         Rampage  .   (no gloves)
Will     .....                  v - +0 pair of boots
Stlth    +.........             (no amulet)
HPRegen  0.16/turn              x - ring of see invisible
MPRegen  0.10/turn              (no ring)

@: paralysed
A: small, mutation resistance 1
a: Renounce Religion, Curse Item


You were on level 5 of the Dungeon.
You worshipped Ashenzari.
Ashenzari was noncommittal.
You visited 1 branch of the dungeon, and saw 5 of its levels.

You collected 290 gold pieces.

Inventory:

Hand Weapons
 a - a +0 long sword (weapon)
Missiles
 r - a throwing net (quivered)
Armour
 b - a +0 scale mail (worn)
 j - a +0 cloak (worn)
 p - a +0 helmet (worn)
 u - a +0 buckler (worn)
 v - a +0 pair of boots (worn)
Jewellery
 l - an uncursed ring of ice
 o - an uncursed ring of flight
 x - a ring of see invisible (left hand)
Scrolls
 e - 5 scrolls of amnesia
 f - 3 scrolls of remove curse
 h - 2 scrolls of enchant armour
 i - 3 scrolls of teleportation
 m - a scroll of immolation {unknown}
 n - a scroll of noise {unknown}
 q - a scroll of blinking
 s - a scroll of fog
 w - a scroll of fear {unknown}
Potions
 c - 2 potions of curing
 d - 2 potions of might
 g - a potion of flight
 k - a potion of berserk rage
 t - a potion of heal wounds


   Skills:
 * Level 4.8 Fighting
 + Level 3.4 Long Blades
 + Level 4.5 Armour
 + Level 3.0 Dodging
 + Level 3.1 Stealth
 + Level 4.6 Shields


You had 6 spell levels left.
You didn't know any spells.
Your spell library contained the following spells:

 Spells                   Type           Power        Failure   Level
 Animate Skeleton         Necr           0%           86%         1
 Pain                     Necr           0%           86%         1
 Vampiric Draining        Necr           0%           99%         3
 Animate Dead             Necr           0%           100%        4
 Agony                    Necr           0%           100%        5


Dungeon Overview and Level Annotations

Branches:
Dungeon (5/15)
 Temple: D:4-7

Altars:
Ashenzari
Elyvilon
Qazlal
Uskayaw
Wu Jian
Xom

Annotations:
D:5 Grinder


Innate Abilities, Weirdness & Mutations

You are small and have problems with some larger weapons.
You are somewhat resistant to further mutation.


Message History

You hit the centaur.
The centaur is lightly wounded.
Grinder gestures at you. Pain shoots through your body!
The centaur closely misses you.
You closely miss the centaur.
The centaur is lightly wounded.
You block the centaur's attack.
You slash the centaur!
The centaur is heavily wounded.
You block the centaur's attack. The centaur closely misses you.
You hit the centaur but do no damage.
The centaur is heavily wounded.
Grinder gestures at you.
You suddenly lose the ability to move!
The centaur hits you with a +2 vorpal great sword!
* * * LOW HITPOINT WARNING * * *
x2 Grinder hits you.
* * * LOW HITPOINT WARNING * * *
The centaur hits you with a +2 vorpal great sword!
You die...

## ##### ##..#
##...### ##.....
#...÷..###.......
#.....<.#........
#.#...(((5@c......
#.......###..#..##
#...##.†....##
#.....÷........
##.............
#...............
###.......#..#...
#.........##..##
...........


You could see Grinder and a centaur.

Vanquished Creatures
  Blork the orc (D:4)
  A howler monkey (D:5)
  A bullfrog zombie (D:5)
  Crazy Yiuf (D:2)
  3 orc wizards
  An iguana (D:4)
  2 worker ants (D:4)
  Robin (D:2)
  10 adders
  9 gnolls
  A white imp (D:5)
  An ooze (D:2)
  An adder skeleton (D:4)
  2 worms (D:2)
  A dart slug (D:2)
  A leopard gecko (D:2)
  6 orcs
  2 ball pythons
  4 bats
  7 giant cockroaches
  17 goblins
  15 hobgoblins
  5 jackals
  A quokka (D:4)
  8 frilled lizards
  9 kobolds
  8 rats
119 creatures vanquished.

Notes
Turn   | Place    | Note
-------+----------+-------------------------------------------
     0 | D:1      | Borgoz the Halfling Fighter began the quest for the Orb.
     0 | D:1      | Reached XP level 1. HP: 15/15 MP: 1/1
    46 | D:1      | Reached XP level 2. HP: 10/20 MP: 2/2
   508 | D:1      | Reached XP level 3. HP: 26/26 MP: 3/3
   907 | D:2      | Found a white marble altar of Elyvilon.
   996 | D:2      | Reached skill level 1 in Dodging
   996 | D:2      | Reached skill level 1 in Stealth
  1094 | D:2      | Found an ornate altar of the Wu Jian Council.
  1114 | D:2      | Noticed Robin
  1118 | D:2      | Reached XP level 4. HP: 31/31 MP: 4/4
  1159 | D:2      | Killed Robin
  1568 | D:2      | Reached XP level 5. HP: 22/36 MP: 5/5
  2408 | D:2      | Found a runed translucent door.
  2409 | D:2      | Noticed Crazy Yiuf
  2470 | D:2      | Reached XP level 6. HP: 43/43 MP: 6/6
  2470 | D:2      | Found a shimmering altar of Xom.
  2620 | D:2      | HP: 2/43 [Crazy Yiuf/+2 quarterstaff of chaos (8)]
  2641 | D:2      | Killed Crazy Yiuf
  3760 | D:3      | Found a broken altar of Ashenzari.
  3845 | D:3      | Found a hide-covered altar of Uskayaw.
  3846 | D:3      | Noticed a +0 dagger
  3846 | D:3      | Noticed a +0 hand axe
  4098 | D:4      | Found a stormy altar of Qazlal.
  4098 | D:4      | Noticed a fire elemental
  4115 | D:4      | Noticed an air elemental
  4115 | D:4      | Noticed a water elemental
  4133 | D:4      | Noticed Blork the orc
  4156 | D:4      | Killed Blork the orc
  4157 | D:4      | Reached XP level 7. HP: 17/49 MP: 7/7
  4376 | D:3      | Became a worshipper of Ashenzari the Shackled
  5616 | D:5      | Entered Level 5 of the Dungeon
  5626 | D:5      | Noticed Grinder
  5650 | D:5      | Paralysed by Grinder for 3 turns
  5669 | D:5      | Paralysed by Grinder for 2 turns
  5860 | D:5      | Paralysed by Grinder for 4 turns
  5861 | D:5      | Slain by a centaur

Illustrated notes

Levels and vault maps discovered:
D:1:      minmay_arrival_solitary_statue, layout_basic
D:2:      layout_loops_ring, nzn_wu_jian_contemplation, marbit_many_paths,
          tgw_xom, serial_glass, glass_columns_a, glass_columns_b,
          minmay_hexomino_c4, uniq_crazy_yiuf_cottage, uniq_robin
D:3:      layout_basic, dancing_weapons_uskayaw, nicolae_overflow_hidden_temple,
          hex_medium
D:4:      layout_basic, nicolae_qazlal_style_of_elements, uniq_blork_the_orc
D:5:      layout_cave_pools, slow_altar_1, uniq_grinder

Skill      XL: |  1  2  3  4  5  6  7 |
---------------+----------------------+-----
Fighting       | 3 4 |  4.8
Dodging        | 1 2 3 |  3.0
Stealth        | 1 2 3 |  3.1
Shields        | 4 |  4.6
Armour         | 4 |  4.5
Long Blades    | 3 |  3.4

Action                   |  1- 3 |  4- 6 |  7- 9 || total
-------------------------+-------+-------+-------++-------
Melee: Long sword        |    98 |   264 |   115 ||   477
Throw: Throwing net      |       |     3 |       ||     3
  Use: Scroll            |     3 |     6 |     2 ||    11
       Potion            |       |     6 |       ||     6
 Stab: Held in net/web   |       |     2 |       ||     2
Armor: Scale mail        |    41 |   104 |    34 ||   179
       Skin              |       |    11 |       ||    11
Dodge: Dodged            |    45 |   112 |    80 ||   237
Block: Kite shield       |    60 |   152 |       ||   212
       Buckler           |       |       |    51 ||    51
       Rpst.: Long sword |    15 |    41 |    22 ||    78

Table legend: (Time is in decaauts)
 A = Elapsed time spent in this place.
 B = Non-inter-level travel time spent in this place.
 C = Inter-level travel time spent in this place.
 D = Time resting spent in this place.
 E = Time spent auto-exploring this place.
 F = Levels seen in this place.
 G = Mean time per level.
                   A        B        C        D        E       F      G
               +--------+--------+--------+--------+--------+-----+--------+
         Total |   6055 |   5917 |    138 |   1859 |   2957 |   5 | 1211.0 |
       Dungeon |   6055 |   5917 |    138 |   1859 |   2957 |   5 | 1211.0 |
               +--------+--------+--------+--------+--------+-----+--------+

Top non-repeatable levels by time:
     D:2: 2255 daAuts
     D:4: 1706 daAuts
     D:3: 1164 daAuts
     D:1: 852 daAuts
     D:5: 76 daAuts
